 Dungeon Crawl Stone Soup version 0.27-a0-1046-g98bf31544f (webtiles) character file.

Game seed: 10554803668765309273

63 jestyr24 the Conjurer (level 3, 0/26 HPs)
             Began as a Draconian Conjurer on Apr 19, 2021.
             Killed by nerve-wracking pain
             ... invoked by Grinder
              (5 damage)
             ... on level 3 of the Dungeon.
             The game lasted 00:09:31 (2587 turns).

jestyr24 the Conjurer (Draconian Conjurer)          Turns: 2587, Time: 00:09:31

Health: 0/26       AC:  5    Str:  9    XL:     3   Next: 89%
Magic:  1/6        EV: 12    Int: 19    God:
Gold:   64         SH:  0    Dex:  9    Spells: 0/6 levels left

rFire    . . .     SeeInvis .   i - staff of air
rCold    + . .     Faith    .   (no shield)
rNeg     . . .     Spirit   .   (armour unavailable)
rPois    .         Reflect  .   (helmet restricted)
rElec    +         Harm     .   (no cloak)
rCorr    .         Rampage  .   (no gloves)
Will     .....                  (no boots)
Stlth    ++........             (no amulet)
HPRegen  0.08/turn              h - ring of protection from cold
MPRegen  0.10/turn              (no ring)

@: no status effects
A: AC +5, unfitting armour, cold-blooded
a: no special abilities


You were on level 3 of the Dungeon.
You visited 1 branch of the dungeon, and saw 4 of its levels.

You collected 64 gold pieces.

Inventory:

Hand Weapons
 a - a +0 club
 d - a +0 dagger
 e - a +0 spear
Missiles
 g - 78 stones
 k - 5 atropa-tipped darts
 p - 8 poisoned darts
Magical Staves
 i - a staff of air (weapon)
Jewellery
 h - a ring of protection from cold (left hand)
Scrolls
 f - a scroll of acquirement {unknown}
 j - a scroll of blinking {unknown}
 l - a scroll of silence {unknown}
 n - a scroll of magic mapping {unknown}
 o - a scroll of vulnerability {unknown}
Potions
 b - 2 potions of curing
 c - a potion of heal wounds {unknown}
 m - a potion of invisibility {unknown}


   Skills:
 + Level 1.8 Dodging
 + Level 2.0 Stealth
 + Level 2.2 Spellcasting
 + Level 5.0 Conjurations
 * Level 0.7 Hexes
 * Level 0.4 Evocations


You couldn't memorise any spells.
You knew the following spells:

 Your Spells              Type           Power      Damage    Failure   Level
a - Magic Dart            Conj           84%        1d7       1%          1
b - Searing Ray           Conj           42%        3d4       3%          2
c - Dazzling Flash        Conj/Hex       26%        N/A       16%         3

Your spell library contained the following spells:

 Spells                   Type           Power      Damage    Failure   Level
 Corona                   Hex            4%         N/A       12%         1
 Animate Skeleton         Necr           4%         N/A       17%         1
 Apportation              Tloc           4%         N/A       17%         1
 Summon Small Mammal      Summ           8%         N/A       17%         1
 Fulminant Prism          Conj/Hex       6%         3d7       45%         4
 Iskenderun's Mystic Bla  Conj/Tloc      11%        2d4       50%         4


Dungeon Overview and Level Annotations

Branches:
Dungeon (4/15)
 Temple: D:4-7

Altars:

Shops:
D:2 *

Annotations:
D:3 Grinder


Innate Abilities, Weirdness & Mutations

Your plain brown scales are hard. (AC +5)
You cannot fit into any form of body armour.
You are cold-blooded and may be slowed by cold attacks.


Message History

You see here 8 poisoned darts.
p - 8 poisoned darts A quokka comes into view.
The magic dart hits the quokka.
The quokka is heavily wounded.
The magic dart hits the quokka.
The quokka is almost dead.
The quokka completely misses you.
The magic dart hits the quokka.
You kill the quokka!
You see here a quokka corpse.
You see here a quokka corpse.
Grinder shouts!
Grinder is nearby!
Casting: Magic Dart (safe; 1% risk of failure)
Confirm with . or Enter, or press ? or * to list all spells.
Aiming: Searing Ray (safe; 3% risk of failure)
Press: ? - help, Shift-Dir - straight line, f - Grinder
Aim: Grinder (75% to hit)
The searing ray hits Grinder!
Grinder is lightly wounded. (Press . to maintain the ray.) Grinder says, "Just stop there for a second..."
The searing ray hits Grinder.
Grinder is moderately wounded.
The searing ray hits Grinder.
Grinder is moderately wounded.
The searing ray hits Grinder!
Grinder is heavily wounded.
You finish channeling your searing ray.
Grinder drinks a potion.
Grinder is healed!
You barely miss Grinder.
Grinder is moderately wounded.
Grinder hits you!
You writhe in agony.
Grinder gestures at you. Pain shoots through your body!
* * * LOW HITPOINT WARNING * * *
Grinder gestures at you. Pain shoots through your body!
You die...

..##.##...##.#####...........#
..##.##.#............####.####
#.......#.........†.......#
####..#####.######...######
#....#...#######.##
#.#.>#.......# #.#
#.#....#####.###.#
#.#.#.#..........#
#.#.#.#.##5..@.#.#
#..........###.#.#
######.#.#.##.# #...#
.........<.##.###.###
######.#.####.....# #####....#
###.### ......)..# #.#
#####...## #.# ##.########.#


You could see Grinder.

Vanquished Creatures
  2 adders (D:3)
  A dart slug (D:2)
  4 endoplasms
  3 goblins (D:1)
  4 hobgoblins (D:1)
  7 jackals
  4 kobolds
  2 quokkas
  4 ball pythons
  2 bats
  2 frilled lizards
  4 rats
39 creatures vanquished.

Notes
Turn   | Place    | Note
-------+----------+-------------------------------------------
     0 | D:1      | jestyr24 the Draconian Conjurer began the quest for the
                  | Orb.
     0 | D:1      | Reached XP level 1. HP: 14/14 MP: 3/3
   181 | D:1      | Found a faded altar of an unknown god.
   333 | D:1      | You fall into a shaft and drop 1 floor!
   377 | D:2      | Reached XP level 2. HP: 20/20 MP: 1/5
   380 | D:2      | Learned a level 2 spell: Searing Ray
  1230 | D:2      | Found Zoejym's General Store.
  1279 | D:2      | Reached XP level 3. HP: 26/26 MP: 4/6
  1283 | D:2      | Learned a level 3 spell: Dazzling Flash
  1905 | D:3      | Reached skill level 5 in Conjurations
  2337 | D:3      | Noticed Grinder
  2587 | D:3      | Killed from afar by Grinder

Illustrated notes

Levels and vault maps discovered:
D:1:      grunt_arrival_crossed_arrows, layout_loops_ring,
          ebering_ecumenical_altar_rust
D:2:      layout_loops_ring, serial_shops, nicolae_shop_waterfront
D:3:      layout_loops_ring, uniq_crazy_yiuf_cottage, uniq_grinder
D:4:      cheibrodos_pilgrimage, layout_loops_cross, tgw_trog,
          amcnicky_altar_gilded, elyvilon_altar_1, nrook_uturn, st_stairs_14,
          kennysheep_generic_room_3

Skill      XL: |  1  2  3 |
---------------+----------+-----
Stealth        | 2 |  2.0
Conjurations   | 5 |  5.0
Dodging        | |  1.8
Spellcasting   | |  2.2
Hexes          | |  0.7
Evocations     | |  0.4

Action                   || total
-------------------------++-------
Melee: Dagger            ||     6
       Staff             ||     7
 Cast: Magic Dart        ||    60
       Searing Ray       ||     6
 Stab: Sleeping          ||     1
Armor: Skin              ||     3
Dodge: Dodged            ||    16

Table legend: (Time is in decaauts)
 A = Elapsed time spent in this place.
 B = Non-inter-level travel time spent in this place.
 C = Inter-level travel time spent in this place.
 D = Time resting spent in this place.
 E = Time spent auto-exploring this place.
 F = Levels seen in this place.
 G = Mean time per level.
                   A        B        C        D        E       F      G
               +--------+--------+--------+--------+--------+-----+--------+
         Total |   2589 |   2504 |     85 |    313 |   1775 |   4 |  647.2 |
       Dungeon |   2589 |   2504 |     85 |    313 |   1775 |   4 |  647.2 |
               +--------+--------+--------+--------+--------+-----+--------+

Top non-repeatable levels by time:
     D:2: 1136 daAuts
     D:1: 911 daAuts
     D:3: 540 daAuts
     D:4: 1 daAuts
